 Dungeon Crawl Stone Soup version 0.15-a0 (webtiles) character file.

1114 4tharraofdagon the Insei (level 7, -10/56 HPs)
             Began as a Demonspawn Monk on Mar 30, 2014.
             Was a Priest of Cheibriados.
             Killed from afar by Maurice (15 damage)
             ... with a wand of cold
             ... on Level 8 of the Dungeon.
             The game lasted 00:15:02 (2869 turns).

4tharraofdagon the Insei (Demonspawn Monk)          Turns: 2869, Time: 00:15:02

HP -10/56        AC 18     Str 20      XL: 7   Next: 79%
MP  11/11        EV  5     Int 18      God: Cheibriados [***...]
Gold 214         SH  0     Dex 23      Spells:  0 memorised,  6 levels left

rFire  + . .     SeeInvis .       - Unarmed
rCold  . . .     Clarity  .     o - +4 plate armour of the Camelopard {rF+}
rNeg   . . .     Conserve .     (no shield)
rPois  +         rCorr    .     (helmet restricted)
rElec  .         rRot     .     J - +0 cloak
SustAb . .       Spirit   .     (no gloves)
rMut   .         Warding  .     (no boots)
Gourm  +         Stasis   .     d - amulet of the gourmand
MR     .....                    (no ring)
                                q - ring of poison resistance

@: very slow, not resistant to hostile enchantments, extremely unstealthy
A: antennae 1, yellow scales 1
a: Bend Time, Temporal Distortion, Renounce Religion


You were on level 8 of the Dungeon.
You worshipped Cheibriados.
Cheibriados was most pleased with you.
You were full.

You visited 2 branches of the dungeon, and saw 9 of its levels.
You also visited: Sewer.

You collected 214 gold pieces.

Inventory:

Missiles
 H - 12 darts (quivered)
Armour
 a - a +0 robe
 f - a +1 scale mail
 o - the cursed +4 plate armour of the Camelopard (worn) {rF+}
   (You found it on level 5 of the Dungeon)

   It protects you from fire.
   It has a curse placed upon it.
 p - a +0 chain mail
 E - a +0 cloak
 G - a +0 cloak
 J - a +0 cloak (worn)
 L - a cursed -1 ring mail
Magical devices
 u - a wand of enslavement (0)
 y - a wand of fire (0)
 I - a wand of digging (18)
Comestibles
 b - 4 bread rations
 h - 4 meat rations
 x - a slice of pizza
Scrolls
 c - a scroll of fear {unknown}
 g - a scroll of random uselessness {unknown}
 i - 3 scrolls of remove curse {unknown}
 j - a scroll of amnesia {unknown}
 l - a scroll of recharging {unknown}
 n - 5 scrolls of fog
 r - a scroll of magic mapping {unknown}
 t - a scroll of enchant weapon III {unknown}
 v - a scroll of teleportation
Jewellery
 d - an amulet of the gourmand (around neck)
 e - an uncursed amulet of clarity
 q - a ring of poison resistance (left hand)
 D - an uncursed amulet of resist corrosion {unknown}
Potions
 k - 3 potions of haste
 m - a potion of brilliance
 s - a potion of magic {unknown}
 w - a potion of berserk rage
 z - 2 potions of paralysis {unknown}
 A - a potion of restore abilities
 B - a potion of curing
 F - a potion of resistance {unknown}
Books
 C - a book of Ice

   Spells                             Type                      Level
   Freezing Aura                      Charms/Ice                   2
   Metabolic Englaciation             Hexes/Ice                    5
   Ozocubu's Refrigeration            Ice                          6
   Bolt of Cold                       Conjuration/Ice              6
   Freezing Cloud                     Conjuration/Ice/Air          6
   Simulacrum                         Ice/Necromancy               6
Magical staves
 K - an uncursed staff of power


   Skills:
 + Level 5.0 Fighting
 + Level 2.4 Armour
 + Level 4.4 Dodging
 - Level 1.7 Stealth
 * Level 6.3 Unarmed Combat
 + Level 3.0 Invocations


You had 6 spell levels left.
You didn't know any spells.

Dungeon Overview and Level Annotations

Branches:
Dungeon (8/15)             Temple (1/1) D:6
   Lair: D:8-11

Altars:
Ashenzari
Cheibriados
Dithmenos
Elyvilon
Fedhas
Kikubaaqudgha
Nemelex Xobeh
Sif Muna
Trog
Vehumet
Yredelemnul
Zin
The Shining One

Annotations:
D:6 exclusion: inept item mimic
D:8 Gastronok, Grum, Maurice


Innate Abilities, Weirdness & Mutations

You have a pair of small antennae on your head.
You are partially covered in yellow scales (AC +2).


Message History

Aim: a wolf Nothing appears to happen.
The wolf bites you. Grum hits you but does no damage.
The wolf bites you but does no damage.
Drink which item? (? for menu, Esc to quit)
Okay, then.
Read which item? (? for menu, Esc to quit)
As you read the scroll labeled XOZE VUTAU, it crumbles to dust.
You feel strangely unstable.
It was a scroll of teleportation.
Grum hits you from afar with a spear!
* * * LOW HITPOINT WARNING * * *
The wolf bites you but does no damage. The wolf bites you.
* * * LOW HITPOINT WARNING * * *
The wolf bites you but does no damage. Grum barely misses you.
Unknown command.
Your surroundings suddenly seem different.
Maurice comes into view.
He is wielding a dagger.
Maurice shouts!
Maurice zaps a wand.
The bolt of cold hits you!
You die...

##########+
.
#.@......>.
.
#.......@..
.
#.........
..
#.........
..
#.........
..
#........ .
######## #


You could see Maurice.

Vanquished Creatures
  2 ogres (D:6)
  2 killer bees (D:7)
  2 wights (D:7)
  2 crimson imps
  3 hounds
  A big fish (Sewer)
  An orc wizard (D:4)
  2 orc priests
  An ogre zombie (D:5)
  7 adders
  2 giant mites
  An orc skeleton (D:5)
  A giant eyeball (D:5)
  2 giant geckos
  An ooze (D:2)
  11 orcs
  8 bats
  A bat skeleton (D:5)
  A giant cockroach (D:5)
  3 goblins
  5 hobgoblins
  13 kobolds
  6 ball pythons
  5 giant newts
  A giant newt skeleton (D:4)
  A hobgoblin zombie (D:6)
  13 jackals
  2 quokkas
  11 rats
  3 plants (Sewer)
114 creatures vanquished.

Vanquished Creatures (collateral kills)
  2 killer bees (D:7)
  3 wights (D:7)
5 creatures vanquished.

Grand Total: 119 creatures vanquished

Notes
Turn   | Place    | Note
--------------------------------------------------------------
     0 | D:1      | 4tharraofdagon, the Demonspawn Monk, began the quest for the Orb.
     0 | D:1      | Reached XP level 1. HP: 18/18 MP: 1/1
   198 | D:2      | Gained mutation: You are partially covered in yellow scales (AC +2). [demonic ancestry]
   198 | D:2      | Reached XP level 2. HP: 22/24 MP: 2/2
   233 | D:2      | Reached skill level 4 in Unarmed Combat
   248 | D:2      | Reached XP level 3. HP: 21/29 MP: 3/3
   573 | D:3      | Found a blossoming altar of Fedhas.
   760 | D:4      | Reached XP level 4. HP: 30/35 MP: 4/4
   880 | D:4      | Noticed a scorpion
   941 | D:4      | Found a sparkling altar of Nemelex Xobeh.
   942 | D:4      | Found a shadowy altar of Dithmenos.
   943 | D:4      | Found a bloodstained altar of Trog.
  1031 | D:4      | Reached XP level 5. HP: 13/42 MP: 5/5
  1145 | D:4      | Noticed a sky beast
  1157 | D:5      | Entered Level 5 of the Dungeon
  1175 | D:5      | Got a faintly glowing plate armour
  1219 | D:5      | Reached skill level 5 in Unarmed Combat
  1234 | D:5      | Identified the cursed +4 plate armour of the Camelopard {rF+} (You found it on level 5 of the Dungeon)
  1515 | D:6      | Found a staircase to the Ecumenical Temple.
  1568 | Temple   | Entered the Ecumenical Temple
  1608 | Temple   | Became a worshipper of Cheibriados the Contemplative
  1650 | D:6      | Noticed a giant goldfish
  1675 | D:5      | Reached XP level 6. HP: 17/48 MP: 6/6
  1728 | D:5      | Found an ancient bone altar of Kikubaaqudgha.
  1752 | D:5      | Paralysed by a giant eyeball for 3 turns
  1826 | D:5      | Reached skill level 1 in Armour
  1887 | D:5      | Found a glowing drain.
  1909 | Sewer    | Entered a sewer
  1998 | Sewer    | Reached skill level 1 in Invocations
  2103 | Sewer    | Acquired Cheibriados' first power
  2446 | D:6      | Gained mutation: You have a pair of small antennae on your head. [demonic ancestry]
  2446 | D:6      | Reached XP level 7. HP: 55/55 MP: 9/9
  2498 | D:6      | Noticed an ogre
  2508 | D:6      | Killed an ogre
  2609 | D:7      | Reached skill level 6 in Unarmed Combat
  2644 | D:7      | Reached skill level 5 in Fighting
  2760 | D:8      | Noticed Gastronok
  2857 | D:8      | Noticed Grum
  2869 | D:8      | Noticed Maurice
  2869 | D:8      | Killed from afar by Maurice

Action                   |  1- 3 |  4- 6 |  7- 9 || total
-------------------------+-------+-------+-------++-------
Melee: Unarmed           |   112 |   452 |    36 ||   600
Evoke: Wand              |       |     5 |     8 ||    13
  Use: Scroll            |     2 |     5 |     1 ||     8
       Potion            |       |     2 |     1 ||     3
 Stab: Betrayed ally     |       |       |     1 ||     1
